 Dungeon Crawl Stone Soup version 0.18-a0-1372-gd644665 (webtiles) character file.

257 M4edhros the Insei (level 6, -2/63 HPs)
             Began as an Octopode Monk on Feb 21, 2016.
             Was a Believer of Zin.
             Slain by an ice beast (10 damage)
             ... on level 4 of the Dungeon.
             The game lasted 00:07:57 (1585 turns).

M4edhros the Insei (Octopode Monk)                  Turns: 1585, Time: 00:07:57

Health: -2/63      AC: 23    Str:  7 (10) XL:     6   Next: 16%
Magic:  9/9        EV:  2    Int: 12 (13) God:    Zin [**....]
Gold:   71         SH:  0    Dex: 19 (21) Spells: 0 memorised, 5 levels left

rFire  . . .     SeeInvis .       - Unarmed
rCold  . . .     Gourm    .     (no shield)
rNeg   + + +     Faith    .     (helmet currently unavailable)
rPois  +         Spirit   .     (no amulet)
rElec  .         Dismiss  .     (no ring)
rCorr  .         Reflect  .     (no ring)
SustAt .         Harm     .     (no ring)
MR     .....     NoTele   +     (no ring)
Stlth  ++++......               (no ring)
                                (no ring)
                                (no ring)
                                (no ring)

@: agile, tree-form, not resistant to hostile enchantments, stealthy
A: almost no armour, amphibious, 8 rings, (constrict 8), (camouflage 0),
(gelatinous body 0)
a: Recite, Vitalisation, Donate Gold, Renounce Religion


You were on level 4 of the Dungeon.
You worshipped Zin.
Zin was pleased with you.
You were very hungry.
You were a tree.
You visited 1 branch of the dungeon, and saw 4 of its levels.

You collected 78 gold pieces.
You donated 7 gold pieces to Zin.

Inventory:

Scrolls
 b - 4 scrolls of identify {unknown}
 c - 2 scrolls of teleportation {unknown}
 d - a scroll of enchant weapon {unknown}
 f - a scroll of immolation {unknown}
 h - a scroll of recharging {unknown}
 i - 3 scrolls of amnesia {unknown}
Potions
 e - a potion of agility
 j - a potion of degeneration
 m - a potion of curing {unknown}
Comestibles
 a - 2 bread rations
 g - a beef jerky


   Skills:
 - Level 3.0 Fighting
 - Level 3.0 Dodging
 - Level 3.0 Stealth
 + Level 5.2 Unarmed Combat
 * Level 5.1 Invocations


You had 5 spell levels left.
You didn't know any spells.

Dungeon Overview and Level Annotations

Branches:
Dungeon (4/15)
 Temple: D:4-7

Altars:
Gozag
Kikubaaqudgha
Zin


Innate Abilities, Weirdness & Mutations

You cannot wear most types of armour.
You are amphibious.
You can wear up to eight rings at the same time.
((You can use your tentacles to constrict eight enemies at once.))
((Your skin changes colour to match your surroundings (Stealth).))
((Your rubbery body absorbs attacks (AC +1).))


Message History

You hit the ice beast.
The ice beast is severely wounded.
The ice beast hits you but does no damage.
You smack the ice beast!
The ice beast is almost dead.
The ice beast hits you but does no damage.
The orc is lost in a daze.
You barely miss the ice beast.
The ice beast is almost dead.
The ice beast hits you but does no damage.
You barely miss the ice beast.
The ice beast is almost dead.
The ice beast hits you but does no damage.
The orc is lost in a daze.
You barely miss the ice beast.
The ice beast is almost dead.
The orc is no longer dazed.
The ice beast hits you.
* * * LOW HITPOINT WARNING * * *
The ice beast freezes you!
You die...

...........#..##........# ##...#
.........#.#.###........# ##.##
..########..........[...# #.#
..# ###.####[......# #.# ..# #.#
######### #.# ..#### #.# #.#
..>..# #.# ########### #.#
..##.## #.# #.Yo......# #.#
......# #.# #♣#.#...#.# #.#
.....<######.###)#oo.#.#.#####.#
.........<##...................#
#.....###.######.#.###.#.#######
......# #.# #.....o.#.# ...>.##
#.# ###.......# #.#..# ...
######### ..#..# #.# .##..# #.#


You could see an ice beast and an orc.

Vanquished Creatures
  A giant frog (D:4)
  A scorpion (D:3)
  An orc priest (D:4)
  An orc wizard (D:4)
  2 adders
  An ooze (D:3)
  A worm (D:3)
  2 giant geckos (D:3)
  An orc (D:3)
  5 giant cockroaches
  7 goblins
  7 hobgoblins
  6 jackals
  A quokka (D:4)
  A ball python (D:2)
  9 bats
  2 giant newts (D:3)
  3 kobolds
  2 rats
54 creatures vanquished.

Notes
Turn   | Place    | Note
--------------------------------------------------------------
     0 | D:1      | M4edhros the Octopode Monk began the quest for the Orb.
     0 | D:1      | Reached XP level 1. HP: 16/16 MP: 1/1
   131 | D:2      | Found a glowing silver altar of Zin.
   139 | D:2      | Became a worshipper of Zin the Law-Giver
   139 | D:2      | Reached * piety under Zin
   139 | D:2      | Reached ** piety under Zin
   244 | D:1      | Reached skill level 1 in Invocations
   244 | D:1      | Reached XP level 2. HP: 17/21 MP: 2/2
   621 | D:3      | Reached XP level 3. HP: 19/26 MP: 4/4
   656 | D:2      | Found an opulent altar of Gozag.
   986 | D:3      | Found an ancient bone altar of Kikubaaqudgha.
  1009 | D:3      | Noticed a scorpion
  1016 | D:3      | Killed a scorpion
  1016 | D:3      | Reached XP level 4. HP: 25/31 MP: 6/6
  1151 | D:3      | Reached XP level 5. HP: 31/36 MP: 7/7
  1386 | D:4      | Reached skill level 5 in Unarmed Combat
  1391 | D:4      | Noticed an ice beast
  1566 | D:4      | Reached skill level 5 in Invocations
  1566 | D:4      | Reached XP level 6. HP: 18/42 MP: 9/9
  1585 | D:4      | Slain by an ice beast

Vault maps used:
D:1:      wheals_arrival_shading
D:2:      nicolae_overflow_hidden_temple, zin_academy, first_bread,
          kennysheep_generic_room_4
D:3:      overflow_temple_1_default
D:4:      gammafunk_temple_overflow_claw, serial_shops, shop

Action                   |  1- 3 |  4- 6 || total
-------------------------+-------+-------++-------
Melee: Unarmed           |    65 |    55 ||   120
Invok: Recite            |       |     2 ||     2
  Use: Potion            |       |     3 ||     3
 Stab: Sleeping          |    11 |     5 ||    16
       Distracted        |     1 |       ||     1
  Eat: Chunk             |       |     1 ||     1
